Map: King's Cove LE

Players

GhostHell

  • Race: Zerg Zerg
  • Spawn Location: 11:00

Ryosis - Winner!

  • Race: Zerg Zerg
  • Spawn Location: 5:00

Event: 2019 WCS Spring

VOD

Have the link to the VOD?

Description

Time

  • Played on: May 17, 2019, 9:52 a.m.
  • Length: 11:57

All games in this series

Show
View Real Time Build Order
Export as new Build Order

GhostHell Zerg 

Build Orders: Hatch First 

Get SALT Encoding   

  12  0:01  Drone  
  13  0:14  Overlord  
  13  0:18  Drone  
  14  0:34  Drone x2  
  16  0:38  Drone  
  17  0:53  Hatchery  
  16  0:57  Drone  
  16  1:01  Drone  
  18  1:11  Extractor  
  18  1:15  Spawning Pool  
  16  1:20  Drone  
  16  1:21  Drone  
  18  1:31  Drone  
  19  1:43  Overlord  
  19  1:52  Drone  
  20  2:03  Queen  
  20  2:04  Zergling x2  
  20  2:05  Queen  
  20  2:06  Zergling x2  
  26  2:12  Metabolic Boost  
  26  2:13  Drone  
  27  2:17  Drone  
  28  2:23  Drone  
  28  2:27  Drone  
  30  2:34  Drone  
  31  2:39  Drone  
  32  2:45  Drone  
  32  2:47  Hatchery  
  32  2:53  Baneling Nest  
  32  2:57  Drone  
  32  3:01  Drone x2  
  33  3:07  Drone  
  33  3:11  Drone  
  35  3:19  Overlord  
  35  3:22  Overlord  
  35  3:26  Overlord  
  35  3:33  Evolution Chamber  
  34  3:36  Baneling  
  34  3:37  Baneling x2  
  34  3:39  Zergling x12  
  40  3:47  Zergling x6  
  43  3:57  Zergling x4  
  43  3:59  Queen, Zerg Missile Weapons Level 1  
  43  4:01  Drone x2  
  49  4:09  Drone x4  
  49  4:19  Drone x4  
  53  4:25  Extractor  
  53  4:26  Extractor  
  50  4:32  Drone x5  
  50  4:38  Drone x2  
  54  4:45  Drone x2  
  54  4:46  Lair  
  53  4:54  Zergling x10  
  56  5:03  Roach Warren  
  56  5:05  Zergling x6  
  58  5:16  Zergling x2  
  58  5:17  Zergling x8  
  58  5:18  Baneling x2  
  63  5:21  Drone x2  
  63  5:24  Overlord  
  62  5:39  Overlord x2  
  59  5:50  Roach  
  59  5:51  Roach x6  
  73  5:59  Roach  
  73  6:01  Roach x2  
  69  6:12  Roach x7  
  75  6:19  Roach x2  
  64  6:26  Roach x3  
  64  6:29  Zergling x2  
  54  6:46  Roach x3  
  49  6:54  Baneling x2  
  49  6:58  Glial Reconstitution  
  49  7:02  Drone  
  49  7:03  Drone x2  
  52  7:10  Drone x2  
  52  7:12  Drone  
  54  7:25  Drone x4  
  54  7:29  Drone x2  
  60  7:33  Drone  
  61  7:37  Drone x2  
  61  7:43  Queen  
  65  7:51  Zerg Missile Weapons Level 2  
  65  7:55  Queen  
  67  8:03  Drone x3  
  67  8:05  Overlord  
  70  8:07  Roach  
  72  8:18  Roach x4  
  80  8:26  Roach x3  
  84  8:35  Roach x2  
  88  8:43  Roach x3  
  94  8:51  Roach x2  
  98  8:57  Overlord  
  98  9:10  Overlord  
  98  9:11  Overlord  
  98  9:15  Queen  
  100  9:18  Roach x2  
  104  9:25  Roach  
  106  9:32  Roach x4  
  116  9:38  Roach x2  
  116  9:40  Ravager  
  116  9:41  Ravager  
  120  9:48  Roach  
  120  9:49  Overlord x2  
  122  10:05  Overlord  
  122  10:06  Overlord  
  122  10:11  Roach x5  
  116  10:22  Roach x4  
  121  10:29  Roach x2  
  118  10:43  Roach x3  
  122  10:53  Roach x2  
  122  10:54  Drone  
  122  10:55  Drone  
  128  11:11  Roach x5  
  128  11:18  Roach  
  128  11:19  Roach  
  125  11:29  Roach x2  
  125  11:32  Drone  
Show
View Real Time Build Order
Export as new Build Order

Ryosis Zerg - Winner!

Build Orders: Hatch First 

Get SALT Encoding   

  12  0:00  Drone  
  13  0:12  Overlord  
  13  0:18  Drone  
  14  0:31  Drone x2  
  16  0:49  Hatchery  
  15  0:52  Drone  
  15  0:56  Drone  
  17  0:59  Drone  
  18  1:09  Extractor  
  17  1:15  Spawning Pool  
  17  1:18  Drone  
  17  1:22  Drone  
  18  1:28  Drone  
  19  1:39  Drone  
  20  1:49  Drone  
  21  2:00  Drone  
  21  2:01  Overlord  
  22  2:02  Queen x2  
  26  2:11  Drone  
  26  2:12  Zergling x2  
  26  2:14  Metabolic Boost  
  28  2:22  Drone  
  29  2:23  Drone  
  30  2:33  Zergling x4  
  32  2:45  Hatchery, Drone  
  32  2:46  Drone  
  33  2:51  Baneling Nest  
  33  2:56  Overlord  
  32  3:00  Drone  
  32  3:09  Zergling x4  
  32  3:12  Drone x2  
  36  3:15  Drone  
  36  3:16  Drone x2  
  39  3:20  Overlord  
  39  3:25  Drone x2  
  41  3:31  Zergling x2  
  43  3:34  Zergling x2  
  43  3:37  Baneling x2  
  43  3:39  Queen  
  45  3:43  Zergling x4  
  45  3:45  Zergling x2  
  48  3:49  Zergling x4  
  50  3:56  Overlord  
  50  3:58  Drone x2  
  50  4:02  Drone x2  
  54  4:07  Baneling x2  
  54  4:08  Baneling  
  53  4:10  Extractor  
  53  4:11  Zergling x2  
  53  4:12  Zergling x2  
  53  4:14  Roach Warren  
  53  4:22  Baneling  
  52  4:25  Overlord  
  49  4:55  Roach x9  
  63  5:02  Overlord, Roach  
  63  5:06  Zergling x12  
  71  5:12  Overlord  
  72  5:14  Zergling x4  
  73  5:23  Zergling x6  
  75  5:29  Baneling  
  75  5:30  Zergling x6  
  76  5:36  Zergling x6  
  76  5:37  Baneling x3  
  79  5:43  Zergling x4  
  79  5:47  Zergling x4  
  78  5:51  Baneling x2  
  78  5:53  Baneling x3  
  78  5:55  Zergling x4  
  80  6:01  Zergling x4  
  82  6:08  Zergling x8  
  82  6:11  Baneling x3  
  83  6:15  Zergling x2  
  83  6:16  Zergling x2  
  78  6:22  Zergling x2  
  78  6:23  Zergling x4  
  73  6:32  Zergling x10  
  73  6:34  Ravager  
  68  6:40  Zergling x2  
  68  6:41  Zergling x4  
  68  6:43  Ravager  
  68  6:44  Ravager  
  68  6:46  Drone x2  
  66  6:47  Drone  
  66  6:50  Drone  
  60  6:54  Drone x2  
  60  6:59  Drone  
  64  7:01  Roach x2  
  66  7:09  Roach  
  71  7:17  Drone x4  
  74  7:26  Lair  
  74  7:27  Drone  
  74  7:28  Evolution Chamber, Drone x4  
  74  7:31  Drone  
  74  7:32  Extractor  
  74  7:34  Drone x2  
  76  7:43  Drone x2  
  78  7:47  Roach x3  
  83  7:53  Overlord  
  83  7:54  Zerg Missile Weapons Level 1  
  83  7:57  Roach x3  
  88  8:04  Overlord  
  88  8:13  Roach x4  
  88  8:15  Overlord  
  95  8:22  Roach x2  
  95  8:24  Overseer  
  94  8:27  Glial Reconstitution  
  94  8:29  Drone x4  
  94  8:31  Overlord, Extractor  
  94  8:32  Roach  
  94  8:33  Roach x2  
  103  8:39  Roach x2  
  107  8:42  Roach  
  107  8:45  Roach x2  
  113  8:49  Overlord  
  113  8:53  Roach, Spine Crawler  
  114  9:01  Roach x4  
  122  9:06  Overlord  
  122  9:11  Roach x2  
  122  9:12  Extractor  
  122  9:16  Roach  
  122  9:17  Roach x2  
  130  9:21  Overlord  
  130  9:24  Roach x2  
  130  9:30  Overlord x2  
  134  9:34  Roach  
  134  9:38  Overlord  
  136  9:39  Ravager  
  136  9:41  Roach x3  
  136  9:45  Overlord  
  143  9:46  Roach  
  143  9:48  Ravager  
  143  9:49  Ravager x2  
  148  9:53  Roach x3  
  148  9:57  Roach x2  
  158  10:00  Roach  
  158  10:04  Roach x2  
  164  10:11  Overlord  
  164  10:12  Roach x2  
  168  10:18  Roach x3  
  161  10:23  Roach x3  
  161  10:25  Ravager  
  168  10:28  Roach  
  168  10:32  Roach  
  168  10:33  Roach x2  
  167  10:36  Roach  
  167  10:41  Roach  
  167  10:42  Roach  
  173  10:47  Roach x3  
  173  10:52  Roach x2  
  173  10:56  Overlord  
  175  10:58  Roach x2  
  175  11:03  Roach x2  
  181  11:08  Roach x2  
  177  11:12  Roach x3  
  179  11:18  Roach x2  
  179  11:21  Roach  
  179  11:22  Roach  
  171  11:26  Roach x2  
  171  11:30  Roach  
  171  11:32  Roach x2  
  181  11:34  Roach  
Tags
 
Add a new tag
Caveats
  • Supply blocks, unpowered buildings, or Contaminate may cause inaccurate times.
  • Supply counts are checked every 10 seconds.